 Dungeon Crawl Stone Soup version 0.27-a0-343-gfcad680f63 (webtiles) character file.

Game seed: 11248205235116409434

284 inc the Vexing (level 6, -2/24 HPs)
             Began as a Felid Enchanter on Feb 14, 2021.
             Was a Follower of Yredelemnul.
             Slain by a centaur (5 damage)
             ... on level 5 of the Dungeon.
             The game lasted 00:10:04 (7370 turns).

inc the Vexing (Felid Enchanter)                    Turns: 7370, Time: 00:10:05

Health: -2/24      AC:  2    Str:  4    XL:     6   Next: 7%
Magic:  5/11       EV: 18    Int: 16    God:    Yredelemnul [*.....]
Gold:   253        SH:  0    Dex: 19    Spells: 4/10 levels left
                                        Lives:  0   Deaths: 1

rFire    . . .     SeeInvis +     - Unarmed
rCold    . . .     Faith    .   (shield unavailable)
rNeg     . . .     Spirit   .   (armour unavailable)
rPois    .         Reflect  .   (helmet unavailable)
rElec    .         Harm     .   (cloak unavailable)
rCorr    .         Rampage  .   (gloves unavailable)
Will     .....                  (boots unavailable)
Stlth    +++.......             (no amulet)
HPRegen  0.08/turn              (no ring)
MPRegen  0.12/turn              (no ring)

@: quick
A: very small, no armour, no weapons or thrown items, stealth, claws 1, fangs 3,
see invisible, speed 1, shaggy fur 2, sharp paws
a: Renounce Religion, Animate Remains


You were on level 5 of the Dungeon.
You worshipped Yredelemnul.
Yredelemnul was aware of your devotion.
You visited 1 branch of the dungeon, and saw 5 of its levels.

You collected 253 gold pieces.

Inventory:

Jewellery
 m - a ring of flight {unknown}
 q - a ring of resist corrosion
Wands
 n - a wand of paralysis (6)
 r - a wand of random effects (9)
Scrolls
 d - 3 scrolls of fog {unknown}
 e - a scroll of blinking {unknown}
 f - 3 scrolls of identify {unknown}
 h - 2 scrolls of immolation {unknown}
 k - a scroll of teleportation {unknown}
 o - a scroll of random uselessness {unknown}
 s - a scroll of enchant weapon {unknown}
Potions
 a - a potion of cancellation {unknown}
 b - a potion of attraction {unknown}
 c - 2 potions of lignification {unknown}
 g - 2 potions of brilliance {unknown}
 i - 2 potions of curing
 j - 3 potions of mutation {unknown}
 l - a potion of heal wounds {unknown}
 p - a potion of might {unknown}


   Skills:
 - Level 0.1 Fighting
 - Level 2.6 Dodging
 - Level 4.5 Stealth
 - Level 3.1 Unarmed Combat
 - Level 2.8 Spellcasting
 + Level 7.4 Hexes
 - Level 2.0 Ice Magic
 - Level 2.0 Invocations


You had 4 spell levels left.
You knew the following spells:

 Your Spells              Type           Power        Failure   Level
a - Corona                Hex            28%          1%          1
b - Ensorcelled Hibernat  Hex/Ice        34%          4%          2
c - Confusing Touch       Hex            26%          2%          3

Your spell library contained the following spells:

 Spells                   Type           Power        Failure   Level
 Tukima's Dance           Hex            26%          2%          3
 Dazzling Flash           Conj/Hex       28%          12%         3


Dungeon Overview and Level Annotations

Branches:
Dungeon (5/15)
 Temple: D:4-7

Altars:
Fedhas
Kikubaaqudgha
Makhleb
Nemelex Xobeh
Wu Jian
Yredelemnul
The Shining One


Innate Abilities, Weirdness & Mutations

You cannot wear armour.
You are incapable of wielding weapons or throwing items.
Your paws allow you to move quietly. (Stealth)
You have sharp claws.
You have razor-sharp teeth.
You have supernaturally acute eyesight. (SInv)
You cover ground quickly.
You are covered in thick fur. (AC +2)
Your sharp claws are effective at attacking unaware monsters.


Message History

You fail to use your ability.
The leopard gecko zombie bites you.
You attempt to give life to the dead...
The dead are slithering!
The leopard gecko zombie barely misses you.
You scratch the leopard gecko zombie.
The leopard gecko zombie is moderately damaged.
Your adder zombie barely misses the leopard gecko zombie.
You closely miss the leopard gecko zombie.
The leopard gecko zombie is moderately damaged.
The leopard gecko zombie closely misses you.
Your adder zombie bites the leopard gecko zombie.
You closely miss the leopard gecko zombie.
The leopard gecko zombie is almost destroyed.
The leopard gecko zombie closely misses you.
Your adder zombie bites the leopard gecko zombie.
The leopard gecko zombie is destroyed!
Yredelemnul accepts your kill.
No target in view!
A centaur comes into view.
The centaur shouts!
The centaur wields a +0 shortbow.
The centaur shoots an arrow.
The arrow hits you!
The centaur unwields a +0 shortbow.
The centaur hits you.
* * * LOW HITPOINT WARNING * * *
Casting: Ensorcelled Hibernation (safe; 4% risk of failure)
Confirm with . or Enter, or press ? or * to list all spells.
Aiming: Ensorcelled Hibernation (safe; 4% risk of failure)
Press: ? - help, Shift-Dir - straight line, f - centaur
Aim: a centaur, quivering arrows (ally target, chance to affect: 48%)
The centaur resists with some effort.
The centaur hits you.
* * * LOW HITPOINT WARNING * * *
The centaur completely misses you.
Unknown command.
Casting: Ensorcelled Hibernation (safe; 4% risk of failure)
Confirm with . or Enter, or press ? or * to list all spells.
Aiming: Ensorcelled Hibernation (safe; 4% risk of failure)
Press: ? - help, Shift-Dir - straight line, f/p - centaur
Aim: a centaur, quivering arrows (ally target, chance to affect: 48%)
The centaur resists with some effort.
The centaur hits you.
You die...
Your body rises from the dead as a mindless zombie.

#### ...# ##.# #.# ###
## ##.##### #... ..
.......# #..# .# #
##.###.# #..# .# ...
#.# #(# #..###c#..#
##.# #.# #..#.@....#
.<.###.#####..#Z#.#.##
###)...................
#.##.####.......#####
#.##.####.###.#.#
#.........# #.....
#.##..##..# ###.#.#
#.........# .....
##...<....## #.##


You could see a centaur (ally target) and a friendly adder zombie.

Vanquished Creatures
  An ogre (D:4)
  A bullfrog skeleton (D:4)
  3 worker ants
  Jessica (D:2)
  2 orc wizards (D:4)
  A worker ant zombie (D:5)
  Robin (D:3)
  4 adders
  An ooze (D:3)
  2 worms
  2 dart slugs (D:2)
  3 leopard geckos
  5 orcs
  5 giant cockroaches
  14 goblins
  13 hobgoblins
  2 jackals (D:4)
  5 kobolds
  3 bats
  3 frilled lizards
  4 rats (D:2)
76 creatures vanquished.

Vanquished Creatures (collateral kills)
  A leopard gecko zombie (D:5)
1 creature vanquished.

Vanquished Creatures (others)
  A jackal zombie (D:4)
  A plant (D:4)
  A withered plant (D:2)
3 creatures vanquished.

Grand Total: 80 creatures vanquished

Notes
Turn   | Place    | Note
-------+----------+-------------------------------------------
     0 | D:1      | inc the Felid Enchanter began the quest for the Orb.
     0 | D:1      | Reached XP level 1. HP: 7/7 MP: 4/4
  1093 | D:1      | Reached XP level 2. HP: 11/11 MP: 4/6
  1096 | D:1      | Learned a level 2 spell: Ensorcelled Hibernation
  1940 | D:2      | Noticed Jessica
  2038 | D:2      | Found a basalt altar of Yredelemnul.
  2054 | D:2      | Reached XP level 3. HP: 14/14 MP: 4/7
  2504 | D:2      | Became a worshipper of Yredelemnul the Dark
  2854 | D:2      | Learned a level 3 spell: Confusing Touch
  2944 | D:2      | Killed Jessica
  2945 | D:2      | Reached skill level 5 in Hexes
  2945 | D:2      | Reached skill level 1 in Ice Magic
  2945 | D:2      | Reached XP level 4. HP: 18/18 MP: 8/8
  3282 | D:2      | Found a sparkling altar of Nemelex Xobeh.
  4046 | D:3      | Noticed Robin
  4249 | D:3      | Found a glowing golden altar of the Shining One.
  4687 | D:3      | Reached * piety under Yredelemnul
  4704 | D:3      | Reached XP level 5. HP: 21/21 MP: 6/9
  5362 | D:3      | Killed Robin
  5641 | D:4      | Found a blossoming altar of Fedhas.
  5643 | D:4      | Found an ancient bone altar of Kikubaaqudgha.
  5990 | D:4      | Reached skill level 1 in Invocations
  6317 | D:4      | Noticed an ogre
  6322 | D:4      | Slain by an ogre
  6323 | D:4      | Reached XP level 4. HP: -3/18 MP: 5/9
  6339 | D:4      | Killed an ogre
  6340 | D:4      | Reached skill level 6 in Hexes
  6340 | D:4      | Reached XP level 5. HP: 21/21 MP: 7/10
  6458 | D:4      | HP: 1/21 [orc wizard/puff of flame (9)]
  6911 | D:4      | Found a burning altar of Makhleb.
  7016 | D:4      | Reached skill level 7 in Hexes
  7175 | D:4      | Found an ornate altar of the Wu Jian Council.
  7273 | D:5      | Entered Level 5 of the Dungeon
  7332 | D:5      | Gained mutation: You are covered in thick fur. (AC +2)
                  | [Felid growth]
  7332 | D:5      | Reached XP level 6. HP: 24/24 MP: 11/11
  7370 | D:5      | Slain by a centaur

Illustrated notes

Levels and vault maps discovered:
D:1:      minmay_arrival_semitransparent, layout_basic
D:2:      layout_loops_ring, lemuel_coloured_pillars_altar,
          yredelemnul_altar_generic, grunt_ministairs_15, uniq_jessica
D:3:      layout_basic, lemuel_crystal_altar, small_statue_intersection,
          uniq_robin
D:4:      layout_basic, grunt_temple_overflow_growth_and_decay,
          pdpol_wu_jian_five_deadly_venoms, minmay_misc_feat_doors,
          bloody_makhleb
D:5:      layout_loops_corners, serial_shops, kennysheep_mini

Skill      XL: |  1  2  3  4  5 |
---------------+----------------+-----
Unarmed Combat | 2 3 |  3.1
Hexes          | 5 6 7 |  7.4
Ice Magic      | 1 2 |  2.0
Invocations    | 2 |  2.0
Fighting       | |  0.1
Dodging        | |  2.6
Stealth        | |  4.5
Spellcasting   | |  2.8

Action                   |  1- 3 |  4- 6 || total
-------------------------+-------+-------++-------
Melee: Unarmed           |    49 |   107 ||   156
       Bite              |     3 |     6 ||     9
       Punch             |       |     1 ||     1
 Cast: Corona            |     7 |       ||     7
       Ensorcelled Hiber |    27 |    67 ||    94
       Confusing Touch   |       |     3 ||     3
Invok: Animate Remains   |       |     2 ||     2
  Use: Scroll            |     1 |       ||     1
 Stab: Sleeping          |    22 |    44 ||    66
       Distracted        |     1 |     1 ||     2
       Confused          |       |     1 ||     1
Armor: Skin              |     1 |     5 ||     6
Dodge: Dodged            |    22 |    69 ||    91

Table legend: (Time is in decaauts)
 A = Elapsed time spent in this place.
 B = Non-inter-level travel time spent in this place.
 C = Inter-level travel time spent in this place.
 D = Time resting spent in this place.
 E = Time spent auto-exploring this place.
 F = Levels seen in this place.
 G = Mean time per level.
                   A        B        C        D        E       F      G
               +--------+--------+--------+--------+--------+-----+--------+
         Total |   6626 |   6455 |    171 |   2503 |   2729 |   5 | 1325.2 |
       Dungeon |   6626 |   6455 |    171 |   2503 |   2729 |   5 | 1325.2 |
               +--------+--------+--------+--------+--------+-----+--------+

Top non-repeatable levels by time:
     D:1: 2034 daAuts
     D:2: 1582 daAuts
     D:4: 1476 daAuts
     D:3: 1453 daAuts
     D:5: 80 daAuts
